 Dungeon Crawl Stone Soup version 0.30.1-11-g7821555f0a (webtiles) character file.

Game seed: 17411741702231374471

16 JimboTheBarbarian the Digger (level 2, -1/15 HPs)
             Began as a Gargoyle Earth Elementalist on Nov 21, 2023.
             Slain by a jackal (3 damage)
             ... on level 2 of the Dungeon.
             The game lasted 00:04:54 (404 turns).

JimboTheBarbarian the Digger (GrEE)                  Turns: 404, Time: 00:04:54

Health: -1/15      AC:  4    Str: 11    XL:     2   Next: 54%
Magic:  0/5        EV: 12    Int: 15    God:
Gold:   31         SH:  0    Dex: 10    Spells: 4/5 levels left

rFire   . . .        (no weapon)
rCold   . . .        (no shield)
rNeg    + . .        a - +0 robe
rPois   ∞            (no helmet)
rElec   +            (no cloak)
rCorr   .            (no gloves)
SInv    .            (no boots)
Will    .....        (no amulet)
Stlth   ++           (no ring)
HPRegen 0.22/turn    (no ring)
MPRegen 0.09/turn

%: no passive effects
@: no status effects
A: sickness immunity, AC +2, negative energy resistance 1, electricity
resistance, torment resistance 1, petrification resistance
a: no special abilities


You were on level 2 of the Dungeon.
You visited 1 branch of the dungeon, and saw 2 of its levels.

You collected 31 gold pieces.

Inventory:

Armour
 a - a +0 robe (worn)
Jewellery
 g - a +5 ring of evasion
Scrolls
 d - 2 scrolls of identify {unknown}
 e - a scroll of silence {unknown}
 f - 2 scrolls of amnesia {unknown}
Potions
 b - a potion of magic
 c - 2 potions of lignification {unknown}


   Skills:
 + Level 1.8 Dodging
 + Level 2.5 Stealth
 + Level 2.1 Spellcasting
 + Level 1.1 Transmutations
 + Level 3.8 Earth Magic


You had 4 spell levels left.
You knew the following spells:

 Your Spells              Type           Power      Damage    Failure   Level
a - Sandblast             Erth           26%        2d8       4%          1

Your spell library contained the following spells:

 Spells                   Type           Power      Damage    Failure   Level
 Passwall                 Tmut/Erth      7%         N/A       12%         2
 Wereblood                Tmut           4%         N/A       22%         2
 Stone Arrow              Conj/Erth      14%        3d7       30%         3
 Call Canine Familiar     Summ           1%         N/A       54%         3
 Portal Projectile        Hex/Tloc       2%         N/A       54%         3
 Petrify                  Tmut/Erth      9%         N/A       61%         4
 Leda's Liquefaction      Hex/Erth       3%         N/A       69%         4
 Summon Hydra             Summ           0%         N/A       100%        7
 Sublimation of Blood     Necr           Unusable   N/A       N/A         2

Dungeon Overview and Level Annotations

Branches:
Dungeon (1/15)

Altars:
Qazlal


Innate Abilities, Weirdness & Mutations

You are immune to sickness and miasma.
Your stone body is resilient. (AC +2)
You are immune to poison.
You resist negative energy. (rN+)
You are resistant to electric shocks. (rElec)
You are resistant to unholy torment.
You are immune to petrification.


Message History

The jackal bites you but does no damage.
The quokka closely misses you.
You barely miss the quokka.
The quokka is moderately wounded.
The jackal barely misses you. The quokka closely misses you.
Aiming: Sandblast (safe; 4% risk of failure)
Press: ? - help, Q - select action Shift-Dir - straight line, f - jackal
Aim: a jackal (77% to hit)
The blast of sand hits the jackal.
You kill the jackal!
The quokka closely misses you.
The jackal bites you but does no damage.
The quokka bites you but does no damage.
You hit the quokka but do no damage.
The quokka is lightly wounded.
The jackal bites you. The quokka bites you.
You barely miss the quokka.
The quokka is lightly wounded.
The jackal bites you. The quokka barely misses you.
The jackal closely misses you.
You barely miss the quokka.
The quokka is lightly wounded.
The jackal bites you.
* * * LOW HITPOINT WARNING * * *
The quokka barely misses you.
You hit the quokka.
The quokka is moderately wounded.
The jackal bites you.
* * * LOW HITPOINT WARNING * * *
The quokka barely misses you.
The jackal bites you but does no damage.
Unknown command.
Aiming: Sandblast (safe; 4% risk of failure)
Press: ? - help, Q - select action Shift-Dir - straight line, f - quokka
Aim: a quokka (moderately wounded, 75% to hit)
The blast of sand hits the quokka.
You kill the quokka!
The jackal bites you but does no damage.
The quokka closely misses you. The jackal bites you.
You die...

... # #.#.#.# ....
#........# #...
#[##.#...# #!...
#....#...# ...###
#....... ...# #..#..#
##.###.#####.##..#
#.......rh##.##.#######
#.....###r@..##.......#
...._.. ###.†..######.#
......) ##......#
....... ##..##..#
....... ##... .#
##<.... ###....# #.....
#.# # .# #


You could see a quokka, a jackal and a rat.

Vanquished Creatures
  A giant cockroach (D:2)
  3 goblins
  2 hobgoblins
  A jackal (D:2)
  2 quokkas (D:2)
  3 ball pythons (D:1)
  A frilled lizard (D:2)
  A kobold (D:1)
  A rat (D:1)
15 creatures vanquished.

Notes
Turn   | Place    | Note
-------+----------+-------------------------------------------
     0 | D:1      | JimboTheBarbarian the Gargoyle Earth Elementalist began the
                  | quest for the Orb.
     0 | D:1      | Reached XP level 1. HP: 10/10 MP: 3/3
   153 | D:1      | Reached skill level 1 in Transmutations
   153 | D:1      | Reached XP level 2. HP: 15/15 MP: 1/5
   297 | D:1      | You fall into a shaft and drop 1 floor!
   371 | D:2      | Found a stormy altar of Qazlal.
   404 | D:2      | Slain by a jackal

Illustrated notes

Levels and vault maps discovered:
D:1:      sevenhm_arrival_forest_fort_large_4, layout_basic,
          shapermc_ecumenical_altar_hornbeckon, dreamdust_princess_bridge,
          nrook_uturn
D:2:      layout_basic, basic_altar

Skill      XL: |  1 |
---------------+----+-----
Transmutations | 1 |  1.1
Dodging        | |  1.8
Stealth        | |  2.5
Spellcasting   | |  2.1
Earth Magic    | |  3.8

Action                     || total
---------------------------++-------
  Melee: Unarmed           ||    28
   Cast: Sandblast         ||    20
 Armour: Robe              ||    10
  Dodge: Dodged            ||    36
